 Dungeon Crawl Stone Soup version 0.31-a0-983-g7b6862f502 (webtiles) character file.

Game seed: 18343782617645570586

204 lunkers the Ruffian (level 5, -4/39 HPs)
             Began as a Demigod Shapeshifter on Nov 2, 2023.
             Slain by a gnoll
             ... wielding a +1 flail of protection
              (6 damage)
             ... on level 3 of the Dungeon.
             The game lasted 00:04:08 (2577 turns).

lunkers the Ruffian (Demigod Shapeshifter)          Turns: 2577, Time: 00:04:08

Health: -4/39      AC:  5    Str: 19    XL:     5   Next: 26%
Magic:  7/7        EV: 11    Int: 12    God:
Gold:   123        SH:  0    Dex: 13    Spells: 4/4 levels left

rFire   . .          .
                       - Unarmed
rCold   + . .        (no shield)
rNeg    . . .        r - +0 ring mail
rPois   .            (helmet currently unavailable)
rElec   .            (cloak currently unavailable)
rCorr   .            (gloves currently unavailable)
SInv    .            (boots currently unavailable)
Will    .....        (no amulet)
Stlth   +            e - ring of protection from cold
HPRegen 0.26/turn    (no ring)
MPRegen 0.10/turn

%: no passive effects
@: beast-form
A: beast (slay +2), high MP 1, forlorn, divine attributes
a: Begin Untransformation


You were on level 3 of the Dungeon.
You were a hulking beast.
You visited 1 branch of the dungeon, and saw 3 of its levels.

You collected 123 gold pieces.

Inventory:

Armour
 a - a +0 animal skin
 h - a +0 cloak
 i - a +1 helmet of see invisible
 p - a +1 pair of gloves
 r - a +0 ring mail (worn)
Jewellery
 e - a ring of protection from cold (left hand)
Talismans
 c - a beast talisman
 d - a flux talisman
 v - a storm talisman
Wands
 b - a wand of flame (8)
Scrolls
 f - 3 scrolls of teleportation {unknown}
 j - 3 scrolls of identify {unknown}
 l - a scroll of torment {unknown}
 o - a scroll of enchant weapon {unknown}
 t - a scroll of poison {unknown}
 u - a scroll of fear {unknown}
Potions
 g - 4 potions of curing {unknown}
 k - a potion of attraction {unknown}
 m - a potion of degeneration {unknown}
 n - a potion of resistance {unknown}
 q - a potion of berserk rage {unknown}
 s - a potion of cancellation {unknown}


   Skills:
 - Level 0.8 Fighting
 - Level 1.7 Dodging
 * Level 4.9 Unarmed Combat
 + Level 3.7 Shapeshifting


You had 4 spell levels left.
You didn't know any spells.
Your spell library contained the following spells:

 Spells                   Type           Power      Damage    Failure   Level
 Necrotise                Necr           0%         1d4       50%         1
 Vampiric Draining        Necr           0%         2d6       86%         3
 Agony                    Necr           0%         N/A       100%        5


Dungeon Overview and Level Annotations

Branches:
Dungeon (3/15)

Shops:
D:1 *   D:2 *


Innate Abilities, Weirdness & Mutations

You are a hulking beast.
Your limbs bulge with bestial killing power. (Slay +2)
You have an increased reservoir of magic. (+10% MP)
You shall have no god before yourself.
Your divine heritage dramatically boosts your attributes as you level up.


Message History

You hit the gnoll.
The gnoll is severely wounded.
The gnoll hits you with a +1 flail of protection.
You hit the gnoll but do no damage.
The gnoll is severely wounded.
The gnoll hits you with a +1 flail of protection.
You hit the gnoll but do no damage.
The gnoll is severely wounded.
The gnoll hits you with a +1 flail of protection.
* * * LOW HITPOINT WARNING * * *
Unknown command.
You hit the gnoll but do no damage.
The gnoll is severely wounded.
The gnoll hits you with a +1 flail of protection.
* * * LOW HITPOINT WARNING * * *
You hit the gnoll but do no damage.
The gnoll is severely wounded.
The gnoll hits you with a +1 flail of protection.
* * * LOW HITPOINT WARNING * * *
You barely miss the gnoll.
The gnoll is severely wounded.
The gnoll hits you with a +1 flail of protection.
* * * LOW HITPOINT WARNING * * *
You hit the gnoll.
The gnoll is almost dead.
The gnoll hits you with a +1 flail of protection.
* * * LOW HITPOINT WARNING * * *
Aiming: Throw Flame
Press: ? - help, Shift-Dir - straight line, f - gnoll
Aim: a gnoll, wielding a +1 flail of protection (almost dead, 72% to hit)
The puff of flame misses the gnoll.
The gnoll hits you with a +1 flail of protection.
* * * LOW HITPOINT WARNING * * *
Aiming: Throw Flame
Press: ? - help, Shift-Dir - straight line, f/p - gnoll
Aim: a gnoll, wielding a +1 flail of protection (almost dead, 72% to hit)
The puff of flame hits the gnoll but does no damage.
The gnoll is almost dead.
The gnoll hits you with a +1 flail of protection.
You die...

#........+.#..........
#........#####.####.#.
#.###'##.# #.# #.#. ###
#.##.# #.# #.## #.##.#
###.####...
#.##.###..........
#######.##.#........##..
#....................+..
#.#####h##........#.##..
#g#...........##..
#####.#.......######..
#.....#......... #..
#.....#..#....### #..
#.....#..#....# ###
#.....#.......#
#.....#..###
#..........#


You could see a gnoll.

Vanquished Creatures
  Jessica (D:2)
  Terence (D:2)
  Natasha (twice) (D:2)
  4 adders
  A worm (D:2)
  2 dart slugs (D:3)
  4 ball pythons
  3 bats
  4 endoplasms
  6 giant cockroaches
  10 goblins
  7 hobgoblins
  2 jackals (D:3)
  2 quokkas (D:1)
  2 frilled lizards (D:1)
  3 kobolds
  5 rats
59 creatures vanquished.

Notes
Turn   | Place    | Note
-------+----------+-------------------------------------------
     0 | D:1      | lunkers the Demigod Shapeshifter began the quest for the
                  | Orb.
     0 | D:1      | Reached XP level 1. HP: 15/15 MP: 3/3
    91 | D:1      | Reached skill level 3 in Unarmed Combat
   167 | D:1      | Found Nikeixze's Assorted Antiques.
   248 | D:1      | Reached XP level 2. HP: 20/22 MP: 4/4
   891 | D:2      | Reached XP level 3. HP: 10/27 MP: 5/5
  1024 | D:2      | Noticed Terence
  1036 | D:2      | Killed Terence
  1037 | D:2      | Reached skill level 4 in Unarmed Combat
  1209 | D:2      | Reached XP level 4. HP: 34/34 MP: 6/6
  1253 | D:2      | Noticed Natasha
  1260 | D:2      | Killed Natasha
  1558 | D:2      | Found Reaczuce's General Store.
  1558 | D:2      | Noticed Jessica
  1564 | D:2      | Killed Jessica
  1739 | D:2      | Noticed Natasha
  1743 | D:2      | Killed Natasha
  1744 | D:2      | Reached XP level 5. HP: 39/39 MP: 7/7
  2577 | D:3      | Slain by a gnoll

Illustrated notes

Levels and vault maps discovered:
D:1:      dpeg_arrival_tiny_i, layout_basic, serial_shops, shop,
          skrybe_limestone_x, minmay_pentomino_s4
D:2:      cheibrodos_helix_gallery, layout_loops_corners, basic_altar,
          basic_ecumenical_altar, serial_shops, nicolae_shop_crystal,
          uniq_natasha, uniq_jessica, uniq_terence
D:3:      lemuel_castle_with_subvaults [lemuel_castle_interior_carwin_3],
          layout_basic, worldfamousw_hep_ancestral_shrine

Skill      XL: |  1  2  3 |
---------------+----------+-----
Unarmed Combat | 3 4 |  4.9
Shapeshifting  | 3 |  3.7
Fighting       | |  0.8
Dodging        | |  1.7

Action                     |  1- 3 |  4- 6 || total
---------------------------+-------+-------++-------
  Melee: Unarmed           |    97 |    72 ||   169
         Punch             |     1 |     2 ||     3
  Evoke: Wand              |       |     2 ||     2
    Use: Potion            |     1 |       ||     1
   Stab: Sleeping          |     2 |       ||     2
 Armour: Animal skin       |    45 |     3 ||    48
         Skin              |     6 |       ||     6
         Ring mail         |       |    40 ||    40
  Dodge: Dodged            |    56 |    38 ||    94

Table legend: (Time is in decaauts)
 A = Elapsed time spent in this place.
 B = Non-inter-level travel time spent in this place.
 C = Inter-level travel time spent in this place.
 D = Time resting spent in this place.
 E = Time spent auto-exploring this place.
 F = Levels seen in this place.
 G = Mean time per level.
                   A        B        C        D        E       F      G
               +--------+--------+--------+--------+--------+-----+--------+
         Total |   2563 |   2511 |     52 |     13 |   2058 |   3 |  854.3 |
       Dungeon |   2563 |   2511 |     52 |     13 |   2058 |   3 |  854.3 |
               +--------+--------+--------+--------+--------+-----+--------+

Top non-repeatable levels by time:
     D:2: 1165 daAuts
     D:1: 818 daAuts
     D:3: 579 daAuts
